 Dungeon Crawl Stone Soup version 0.23-a0-171-g5ae17c6e89 (console) character file.

11 Heliocid the Grave Robber (level 2, 0/15 HPs)
             Began as a Deep Elf Necromancer on Sept 15, 2018.
             Slain by a rat (1 damage)
             ... on level 1 of the Dungeon.
             The game lasted 00:04:55 (600 turns).

Heliocid the Grave Robber (Deep Elf Necromancer)     Turns: 600, Time: 00:04:55

Health: 0/15       AC:  3    Str:  5    XL:     2   Next: 13%
Magic:  7/8        EV: 13    Int: 19    God:
Gold:   56         SH:  0    Dex: 15    Spells: 5/7 levels left

rFire    . . .     SeeInvis .   j - +0 whip
rCold    . . .     Gourm    .   (no shield)
rNeg     . . .     Faith    .   a - +0 robe
rPois    .         Spirit   .   (no helmet)
rElec    .         Reflect  .   (no cloak)
rCorr    .         Harm     .   (no gloves)
MR       .....                  g - +0 pair of boots
Stlth    ++........             (no amulet)
HPRegen  0.05/turn              (no ring)
MPRegen  0.11/turn              (no ring)

@: no status effects
A: no striking features
a: no special abilities


You were on level 1 of the Dungeon.
You were not hungry.

You visited 1 branch of the dungeon, and saw 1 of its levels.

You collected 56 gold pieces.

Inventory:

Hand Weapons
 j - a +0 whip (weapon)
Missiles
 b - 49 stones (quivered)
 f - 15 poisoned needles
 h - 12 arrows
Armour
 a - a +0 robe (worn)
 g - a +0 pair of boots (worn)
Potions
 e - a potion of lignification {unknown}
 i - a potion of haste {unknown}
Comestibles
 c - 3 rations


   Skills:
 + Level 2.5 Dodging
 + Level 2.4 Stealth
 + Level 3.0 Spellcasting
 + Level 5.4 Necromancy


You had 5 spell levels left.
You knew the following spells:

 Your Spells              Type           Power        Failure   Level  Hunger
a - Pain                  Necr           ###.         1%          1    None
b - Animate Skeleton      Necr           N/A          1%          1    None

Your spell library contained the following spells:

 Spells                   Type           Power        Failure   Level  Hunger
 Vampiric Draining        Necr           ###.......   4%          3    ###....
 Regeneration             Chrm/Necr      ##........   16%         3    ###....
 Animate Dead             Necr           N/A          16%         4    ####...


Dungeon Overview and Level Annotations

Branches:
Dungeon (1/15)

Altars:


Message History

Aim: a jackal (chance to defeat MR: 92%)
The jackal writhes in agony!
Something bites your kobold skeleton. The jackal bites you.
* * * LOW HITPOINT WARNING * * *
Something bites your kobold skeleton.
Your kobold skeleton is destroyed!
The jackal bites you but does no damage.
The jackal closely misses you. The jackal closely misses you.
The jackal bites you.
* * * LOW HITPOINT WARNING * * *
The jackal bites you but does no damage.
A rat comes into view.
The bat completely misses you. The bat hits you but does no damage. x2
The bat hits you but does no damage. The bat closely misses you.
The rat twitches its whiskers.
The rat bites you.
You die...

#...>.........##...........Z..
..#..........##..........(l..
#..................(..##...
#.........###########l##...
#.........'.........#h##...
##........#####.....#b##...
########## #.#####.##.##
############.#####.##.#
......r@b.hhl......# .#
############.####### .....
#.#.#.# #.#.#.# # #.# # #.#
..#


You could see a leopard gecko, 2 jackals, a bat and a rat.

Vanquished Creatures
  A giant cockroach (D:1)
  A goblin (D:1)
  6 kobolds (D:1)
  2 bats (D:1)
10 creatures vanquished.

Notes
Turn   | Place    | Note
-------+----------+-------------------------------------------
     0 | D:1      | Heliocid the Deep Elf Necromancer began the quest for the
                  | Orb.
     0 | D:1      | Reached XP level 1. HP: 10/10 MP: 6/6
     2 | D:1      | Learned a level 1 spell: Animate Skeleton
   272 | D:1      | Reached skill level 5 in Necromancy
   514 | D:1      | Reached XP level 2. HP: 11/15 MP: 2/8
   600 | D:1      | Slain by a rat

Vault maps used:
D:1:      dpeg_arrival_castle

Skill      XL: |  1 |
---------------+----+-----
Necromancy     | 5 |  5.4
Dodging        | |  2.5
Stealth        | |  2.4
Spellcasting   | |  3.0

Action                   || total
-------------------------++-------
Melee: Unarmed           ||     9
       Whip              ||     1
 Cast: Pain              ||    13
       Animate Skeleton  ||     2
Armor: Robe              ||    14
Dodge: Dodged            ||    30

Table legend:
 A = Non-vault XP
 B = Vault XP
 C = Vault XP percentage of total XP
 D = Non-vault monster count
 E = Vault monster count
 F = Vault count percentage of total count
                 A         B        C        D         E       F
            +---------+---------+-------+---------+---------+-------
      Total |      16 |       0 |   0.0 |      10 |       0 |   0.0
            +---------+---------+-------+---------+---------+-------
        D:1 |      16 |       0 |   0.0 |      10 |       0 |   0.0
            +---------+---------+-------+---------+---------+-------
